 Dungeon Crawl Stone Soup version 0.32-a0-12-g7fc57aa741 (webtiles) character file.

Game seed: 3967087905201610712

46 avis the Caller (level 3, 16/16 HPs)
             Began as a Felid Summoner on Jan 15, 2024.
             Got out of the dungeon alive.
             The game lasted 00:09:29 (1795 turns).

avis the Caller (Felid Summoner)                    Turns: 1795, Time: 00:09:29

Health: 16/16      AC:  1    Str:  4    XL:     3   Next: 44%
Magic:  8/8        EV: 17    Int: 20    God:
Gold:   58         SH:  0    Dex: 16    Spells: 5/8 levels left
                                        Lives:  0   Deaths: 1

rFire   . . .        (weapon unavailable)
rCold   . . .        (shield unavailable)
rNeg    . . .        (body armour unavailable)
rPois   .            (helmet unavailable)
rElec   .            (cloak unavailable)
rCorr   .            (gloves unavailable)
SInv    +            (boots unavailable)
Will    .....        (no amulet)
Stlth   ++           (no ring)
HPRegen 0.22/turn    (no ring)
MPRegen 0.11/turn

%: no passive effects
@: no status effects
A: very small, claws 1, fangs 3, see invisible, shaggy fur 1, stealthy paws, no
weapons or thrown items, no armour, multi-lived
a: no special abilities


You escaped.
You visited 1 branch of the dungeon, and saw 2 of its levels.

You collected 58 gold pieces.

Inventory:

Scrolls
 b - a scroll of teleportation {unknown}
 c - a scroll of vulnerability {unknown}
 f - a scroll of identify {unknown}
 h - a scroll of immolation {unknown}
Potions
 a - a potion of magic
 d - a potion of invisibility {unknown}
 e - a potion of curing {unknown}
 g - a potion of ambrosia {unknown}


   Skills:
 - Level 2.6 Dodging
 - Level 2.6 Stealth
 * Level 3.2 Spellcasting
 + Level 4.4 Summonings


You had 5 spell levels left.
You knew the following spells:

 Your Spells              Type           Power      Damage    Failure   Level
a - Summon Small Mammal   Summ           84%        N/A       2%          1
c - Call Imp              Summ           42%        N/A       3%          2

Your spell library contained the following spells:

 Spells                   Type           Power      Damage    Failure   Level
 Call Canine Familiar     Summ           21%        N/A       7%          3
 Summon Blazeheart Golem  Fire/Summ      12%        N/A       50%         4
 Summon Lightning Spire   Summ/Air       12%        N/A       50%         4


Dungeon Overview and Level Annotations

Branches:
Dungeon (2/15)

Altars:


Innate Abilities, Weirdness & Mutations

You have sharp claws.
You have razor-sharp teeth.
You have supernaturally acute eyesight. (SInv)
You are covered in fur. (AC +1)
Your paws help you pounce on unaware monsters.
You are incapable of wielding weapons or throwing items.
You cannot wear armour.
You gain extra lives every three experience levels.


Message History

A tiny devil pulls itself out of the air.
Your bat hits the ball python.
The ball python dies!
You swap places.
Things that are here:
a +0 dagger; a goblin corpse You swap places.
There is a stone staircase leading down here.
You swap places.
You start resting.
Your bat disappears in a puff of smoke! x2
Magic restored.
Your cerulean imp disappears in a puff of smoke!
You start resting.
HP restored.
Things that are here:
a +0 dagger; a goblin corpse
There is a stone staircase leading down here.
You climb downwards.
There is a stone staircase leading up, spattered with blood here.
The gnoll throws a throwing net.
The throwing net closely misses you. The gnoll completely misses you.
There is a stone staircase leading up, spattered with blood here.
The gnoll hits you with a +1 spear of flaming.
The gnoll burns you.
There is a stone staircase leading up, spattered with blood here.
The gnoll hits you with a +1 spear of flaming!
Ouch! That really hurt!
You stop ascending the stairs.
You die...
The gnoll burns you.
You rejoin the land of the living...
There is a stone staircase leading up here.
You climb upwards.
There is a stone staircase leading down here.
There is an open door here.
There is an open door here.
There is an open door here.
There is a staircase leading out of the dungeon here.
You have escaped!

#####.###...............#...#....
#..##.#############.#.#######
##..#.#...........#.#.#......
##...#.####.####.#.#.#....≈.
###.#.#.......#.#...#.≈..≈.
#.#.#.#####.#.#.#.#.≈..≈.
#.#.#.#...#.#.#.#.'####_#
#.#.#.#...#.#.#.###.≈..≈.
#.'.#.#.@...#.'.# #.≈..≈.
#.#.#.#...#.#.#.# #....§.
#.#.#.#...#.#.#.# #......
####.#.#.#####.#.#.#########
#....#.#.......#.#.##..## ##
##.##.#.####.####.#......###.
###..##.#...........#.#...#.#.#
###.#.###.#############.#....#.##
......# #...............#§..####


There were no monsters in sight!

Vanquished Creatures
  An endoplasm (D:1)
  A bat (D:1)
2 creatures vanquished.

Vanquished Creatures (collateral kills)
  2 adders
  A dart slug (D:1)
  6 endoplasms
  2 giant cockroaches (D:1)
  3 goblins
  2 hobgoblins (D:1)
  A ball python (D:1)
  A bat (D:2)
  A frilled lizard (D:1)
  2 kobolds
  2 rats
23 creatures vanquished.

Grand Total: 25 creatures vanquished

Notes
Turn   | Place    | Note
-------+----------+-------------------------------------------
     0 | D:1      | avis the Felid Summoner began the quest for the Orb.
     0 | D:1      | Reached XP level 1. HP: 9/9 MP: 4/4
   237 | D:1      | Found a faded altar of an unknown god.
   430 | D:1      | Reached XP level 2. HP: 13/13 MP: 1/6
   596 | D:1      | Learned a level 2 spell: Call Imp
  1426 | D:2      | Reached XP level 3. HP: 16/16 MP: 2/8
  1735 | D:2      | Slain by a gnoll
  1735 | D:2      | Lost a life (0 lives remaining)
  1795 | D:$      | Got out of the dungeon alive.

Illustrated notes

Levels and vault maps discovered:
D:1:      matt_arrival_refuge, layout_loops_corners,
          shapermc_ecumenical_altar_notcrosses
D:2:      minmay_recursive_quarters, layout_basic, serial_shops,
          nicolae_shop_rolling_square

Skill      XL: |  1  2 |
---------------+-------+-----
Spellcasting   | 3 |  3.2
Dodging        | |  2.6
Stealth        | |  2.6
Summonings     | |  4.4

Action                     || total
---------------------------++-------
  Melee: Unarmed           ||     9
         Bite              ||     1
   Cast: Summon Small Mamm ||    43
         Call Imp          ||     6
 Armour: Skin              ||    12
  Dodge: Dodged            ||    29

Table legend: (Time is in decaauts)
 A = Elapsed time spent in this place.
 B = Non-inter-level travel time spent in this place.
 C = Inter-level travel time spent in this place.
 D = Time resting spent in this place.
 E = Time spent auto-exploring this place.
 F = Levels seen in this place.
 G = Mean time per level.
                   A        B        C        D        E       F      G
               +--------+--------+--------+--------+--------+-----+--------+
         Total |   1799 |   1567 |    232 |    249 |    846 |   2 |  899.5 |
       Dungeon |   1799 |   1567 |    232 |    249 |    846 |   2 |  899.5 |
               +--------+--------+--------+--------+--------+-----+--------+

Top non-repeatable levels by time:
     D:1: 1432 daAuts
     D:2: 367 daAuts
